 Dungeon Crawl Stone Soup version 0.29-a0-914-g906f1d757c (webtiles) character file.

Game seed: 2297531028458496147

87 Majang the Magician (level 4, -7/34 HPs)
             Began as a Djinni Fire Elementalist on July 26, 2022.
             Killed by nerve-wracking pain
             ... invoked by an orc priest
              (13 damage)
             ... on level 3 of the Dungeon.
             The game lasted 00:07:05 (2399 turns).

Majang the Magician (Djinni Fire Elementalist)      Turns: 2399, Time: 00:07:06

Health: -7/34      AC:  2    Str:  7    XL:     4   Next: 80%
Gold:   186        EV: 12    Int: 18    God:
                   SH:  0    Dex: 14

rFire   + + .      SeeInvis .   c - +0 hand axe
rCold   x . .      Faith    .   (no shield)
rNeg    . . .      Spirit   .   a - +0 robe
rPois   ∞          Reflect  .   (no helmet)
rElec   .          Harm     .   (no cloak)
rCorr   .          Rampage  .   (no gloves)
Will    .....                   (boots unavailable)
Stlth   ++........              (no amulet)
HPRegen 0.11/turn               (no ring)
MPRegen 0.00/turn               (no ring)

@: flying
A: sickness immunity, fire resistance 2, cold vulnerability 1, float, innate
caster, HP casting, extra vitality 1
a: no special abilities


You were on level 3 of the Dungeon.
You visited 1 branch of the dungeon, and saw 3 of its levels.

You collected 186 gold pieces.

Inventory:

Hand Weapons
 b - a +0 club
 c - a +0 hand axe (weapon)
Armour
 a - a +0 robe (worn)
Scrolls
 d - a scroll of magic mapping {unknown}
 g - a scroll of poison {unknown}
 i - a scroll of teleportation {unknown}
 k - a scroll of immolation {unknown}
 l - a scroll of blinking {unknown}
 n - a scroll of fog {unknown}
 o - a scroll of identify {unknown}
Potions
 e - 2 potions of curing {unknown}
 f - a potion of flight {unknown}
 h - a potion of might {unknown}
 j - a potion of magic {unknown}
 m - 2 potions of haste {unknown}


   Skills:
 + Level 2.7 Fighting
 - Level 2.1 Dodging
 - Level 1.5 Stealth
 + Level 3.3 Spellcasting


You couldn't memorise any spells.
You knew the following spells:

 Your Spells              Type           Power      Damage    Failure   Level
c - Scorch                Fire           28%        2d6       6%          2
d - Magic Dart            Conj           56%        1d5       4%          1
e - Flame Wave            Conj/Fire      14%        2d6       38%         4
f - Foxfire               Conj/Fire      56%        2x1d6     4%          1
g - Conjure Flame         Conj/Fire      14%        6-21      12%         3
n - Inner Flame           Hex/Fire       14%        N/A       12%         3
Your spell library was empty.

Dungeon Overview and Level Annotations

Branches:
Dungeon (3/15)

Altars:

Shops:
D:2 (


Innate Abilities, Weirdness & Mutations

You are immune to sickness and miasma.
You are immune to poison.
Your flesh is very heat resistant. (rF++)
You are vulnerable to cold. (rC-)
You float through the air rather than walking.
You learn spells naturally, not from books.
Your magical power is your life essence.
You have superior vitality. (+4 MHP)


Message History

An adder is nearby!
You conjure some foxfire!
You conjure some foxfire!
The adder hisses angrily.
The foxfire hits the adder.
The adder is heavily wounded.
You conjure some foxfire!
The foxfire hits the adder.
The adder is heavily wounded.
The foxfire hits the adder.
The adder is almost dead.
The foxfire hits the adder.
You kill the adder!
Your foxfire dissipates!
HP restored.
Found a club.
You now have 186 gold pieces (gained 16).
Found a robe.
A kobold and an orc priest come into view.
Found 5 boomerangs of dispersal.
The kobold shouts!
The orc priest shouts!
You hear an angry hiss.
You conjure some foxfire!
The orc priest mumbles some strange prayers to Beogh against you.
Beogh smites you!
An orc priest comes into view. It is wielding a +0 mace.
An orc comes into view.
It is wielding a +0 war axe and wearing a +1 ring mail of fire resistance.
You conjure some foxfire!
The foxfire hits the kobold.
The kobold is moderately wounded.
You conjure some foxfire!
The orc priest mumbles some strange prayers to Beogh against you.
Beogh smites you!
* * * LOW HITPOINT WARNING * * *
You hear an angry hiss.
Unknown command.
The foxfire hits the kobold.
You kill the kobold!
The foxfire hits the orc priest but does no damage. x2
The foxfire hits the orc priest but does no damage.
The orc priest mumbles some strange prayers to Beogh against you.
Pain shoots through your body!
You die...

....................####
...........)#.#........#
............#.##.#######
.........o..#....#
..#.###..#.####..## #
#...##.#####..##
.o.)####.........######
......o.................#
..(.....####.@.#.###....#
....### #...#.###.##..
.... .####......>..# ...
..........#####
.........##
#####.....####
####........#
........###..# ####...<##
.#


You could see 2 orc priests.

Vanquished Creatures
  5 adders
  A worm (D:2)
  A dart slug (D:2)
  2 ball pythons (D:2)
  7 bats
  An endoplasm (D:1)
  6 goblins
  4 hobgoblins
  3 quokkas
  3 frilled lizards
  2 kobolds
  4 rats
39 creatures vanquished.

Vanquished Creatures (others)
  99 foxfires
99 creatures vanquished.

Grand Total: 138 creatures vanquished

Notes
Turn   | Place    | Note
-------+----------+-------------------------------------------
     0 | D:1      | Majang the Djinni Fire Elementalist began the quest for the
                  | Orb.
     0 | D:1      | Majang set off with the following spells memorised:
                  | Foxfire, Scorch, Conjure Flame, Inner Flame, Flame Wave.
     0 | D:1      | Reached XP level 1. HP: 15/15 MP: 0/0
   477 | D:1      | Reached skill level 1 in Fighting
   477 | D:1      | Reached XP level 2. HP: 20/22 MP: 0/0
   928 | D:2      | Reached XP level 3. HP: 21/27 MP: 0/0
   928 | D:2      | Learned a level 1 spell: Magic Dart
  1278 | D:2      | Found Robloo's Weapon Shoppe.
  1294 | D:2      | Reached skill level 3 in Spellcasting
  1531 | D:2      | Reached XP level 4. HP: 14/33 MP: 0/0
  1784 | D:2      | Found a faded altar of an unknown god.
  2399 | D:3      | Killed from afar by an orc priest

Illustrated notes

Levels and vault maps discovered:
D:1:      dpeg_arrival_tiny_d, layout_loops_ring
D:2:      layout_loops_ring, serial_shops, nicolae_shop_waterfront,
          dreamdust_ecumenical_altar_statues, minmay_unequal
D:3:      layout_rooms, chequers_serial_rivers_micro_a

Skill      XL: |  1  2  3 |
---------------+----------+-----
Fighting       | 1 2 |  2.7
Spellcasting   | 3 |  3.3
Dodging        | |  2.1
Stealth        | |  1.5

Action                   |  1- 3 |  4- 6 || total
-------------------------+-------+-------++-------
Melee: Hand axe          |     2 |     3 ||     5
 Cast: Foxfire           |    45 |    17 ||    62
       Scorch            |     7 |     5 ||    12
       Magic Dart        |     1 |       ||     1
Armor: Robe              |     5 |       ||     5
Dodge: Dodged            |    14 |     2 ||    16

Table legend: (Time is in decaauts)
 A = Elapsed time spent in this place.
 B = Non-inter-level travel time spent in this place.
 C = Inter-level travel time spent in this place.
 D = Time resting spent in this place.
 E = Time spent auto-exploring this place.
 F = Levels seen in this place.
 G = Mean time per level.
                   A        B        C        D        E       F      G
               +--------+--------+--------+--------+--------+-----+--------+
         Total |   2399 |   2341 |     58 |    415 |   1686 |   3 |  799.7 |
       Dungeon |   2399 |   2341 |     58 |    415 |   1686 |   3 |  799.7 |
               +--------+--------+--------+--------+--------+-----+--------+

Top non-repeatable levels by time:
     D:2: 1466 daAuts
     D:1: 858 daAuts
     D:3: 74 daAuts
